 Dungeon Crawl Stone Soup version 0.29.1-15-g9cfb28693d (console) character file.

Game seed: 3975821972581052157

5 sentinel the Digger (level 2, 8/20 HPs)
             Began as a Meteoran Earth Elementalist on Aug 15, 2023.
             Quit the game on level 1 of the Dungeon.
             The game lasted 00:00:05 (83 turns).

sentinel the Digger (Meteoran Earth Elementalist)     Turns: 83, Time: 00:00:05

Health: 8/20       AC:  2    Str:  9    XL:     2   Next: 5%
Magic:  0/6        EV: 12    Int: 16    God:
Gold:   0          SH:  0    Dex: 14    Spells: 5/6 levels left

rFire   . . .      SeeInvis .   (no weapon)
rCold   . . .      Faith    .   (no shield)
rNeg    . . .      Spirit   .   a - +0 robe
rPois   .          Reflect  .   (no helmet)
rElec   .          Harm     .   (no cloak)
rCorr   .          Rampage  .   (no gloves)
Will    .....                   (no boots)
Stlth   +.........              (no amulet)
HPRegen 0.06/turn               (no ring)
MPRegen 0.10/turn               (no ring)

@: very slightly contaminated, glowing
A: sense surroundings 1, otherworldly, glowing, explore regen
a: no special abilities


You were on level 1 of the Dungeon.
You visited 1 branch of the dungeon, and saw 1 of its levels.

Inventory:

Armour
 a - a +0 robe (worn)
Scrolls
 d - a scroll of vulnerability {unknown}
Potions
 b - a potion of magic
 c - a potion of mutation {unknown}


   Skills:
 - Level 2.4 Dodging
 - Level 1.4 Stealth
 - Level 2.6 Spellcasting
 - Level 1.2 Transmutations
 + Level 4.1 Earth Magic


You had 5 spell levels left.
You knew the following spells:

 Your Spells              Type           Power      Damage    Failure   Level
a - Sandblast             Erth           30%        2d9       3%          1

Your spell library contained the following spells:

 Spells                   Type           Power      Damage    Failure   Level
 Passwall                 Tmut/Erth      8%         N/A       10%         2
 Stone Arrow              Conj/Erth      16%        3d8       26%         3
 Petrify                  Tmut/Erth      10%        N/A       54%         4


Dungeon Overview and Level Annotations

Branches:
Dungeon (1/15) Zot: 512

Altars:


Innate Abilities, Weirdness & Mutations

You passively map a small area around you.
You are easily found by Zot.
You glow in the dark.
You regain HP and MP as you explore.


Message History

You are very lightly contaminated with residual magic.
Nothing appears to happen.
The kobold hits you with a +0 dagger.
The blast of sand hits the kobold!
You kill the kobold!
Unknown command.
You can't see any susceptible monsters within range! (Use Z to cast anyway.) Unknown command.
No target in view!
No target in view!
You can't see any susceptible monsters within range! (Use Z to cast anyway.) Unknown command.
You can't see any susceptible monsters within range! (Use Z to cast anyway.) Unknown command.
You can't see any susceptible monsters within range! (Use Z to cast anyway.) Unknown command.
You can't see any susceptible monsters within range! (Use Z to cast anyway.) Unknown command.
No target in view!
No target in view!
You can't see any susceptible monsters within range! (Use Z to cast anyway.) Unknown command.
You can't see any susceptible monsters within range! (Use Z to cast anyway.) Unknown command.
You can't see any susceptible monsters within range! (Use Z to cast anyway.) Unknown command.
You can't see any susceptible monsters within range! (Use Z to cast anyway.) Unknown command.
You start waiting.
Your magical contamination has completely faded away.
Unknown command.
You see here a +0 dagger.
You see here a +0 dagger.
HP restored.
Magic restored.
c - a glowing grey potion Unknown command.
d - a scroll labelled HUOM ZAOWK Unknown command.
A jackal comes into view.
Unknown command.
But you're not safe!
Unknown command.
The jackal barks!
You hear a shout!
A jackal comes into view.
The blast of sand hits the jackal.
The jackal is almost dead.
Unknown command.
The blast of sand hits the jackal but does no damage.
The jackal is almost dead.
The jackal barely misses you.
The jackal bites you but does no damage.
Unknown command.
The blast of sand hits the jackal.
You kill the jackal!
The jackal misses you.
Unknown command.
The blast of sand hits the jackal!
You kill the jackal!
Unknown command.
No target in view!
No target in view!
You can't see any susceptible monsters within range! (Use Z to cast anyway.) Unknown command.
You can't see any susceptible monsters within range! (Use Z to cast anyway.) Unknown command.
You can't see any susceptible monsters within range! (Use Z to cast anyway.) Unknown command.
You can't see any susceptible monsters within range! (Use Z to cast anyway.) Unknown command.
No target in view!
No target in view!
You can't see any susceptible monsters within range! (Use Z to cast anyway.) Unknown command.
You can't see any susceptible monsters within range! (Use Z to cast anyway.) Unknown command.
You can't see any susceptible monsters within range! (Use Z to cast anyway.) Unknown command.
You can't see any susceptible monsters within range! (Use Z to cast anyway.) Unknown command.
An endoplasm comes into view.
The endoplasm quivers.
A gnoll comes into view. It is wielding a +0 club.
Unknown command.
But you're not safe!
Unknown command.
But you're not safe!
Unknown command.
But you're not safe!
Unknown command.
But you're not safe!
Unknown command.
The gnoll shouts!
The blast of sand hits the endoplasm!
You kill the endoplasm!
A ball python comes into view.
Your Earth Magic skill increases to level 4!
You have reached level 2!
You miscast Sandblast.
You are very lightly contaminated with residual magic.
Nothing appears to happen.
The ball python hisses angrily.
You are out of magic!
Unknown command.
You are out of magic!
Unknown command.
You hit the gnoll but do no damage. The gnoll hits you but does no damage.
A hobgoblin comes into view.
You hit the gnoll.
The gnoll is lightly wounded.
The gnoll barely misses you.
You are out of magic!
Unknown command.
You are out of magic!
Unknown command.
You are out of magic!
Unknown command.
You are out of magic!
Unknown command.
You barely miss the gnoll.
The gnoll is lightly wounded.
The gnoll hits you with a +0 club. The ball python bites you.
The ball python grabs you. The ball python constricts you.
You barely miss the ball python.
The ball python bites you but does no damage.
The ball python constricts you. The gnoll completely misses you.
The blast of sand hits the ball python!
You kill the ball python!
The gnoll hits you with a +0 club.
Unknown command.
You are too injured to fight recklessly!
Unknown command.
You are too injured to fight recklessly!
Unknown command.
You are too injured to fight recklessly!
Unknown command.
But you're not safe!
Unknown command.
But you're not safe!
Unknown command.
But you're not safe!
Unknown command.
But you're not safe!
Unknown command.
But you're not safe!
Unknown command.
Unknown command.
Unknown command.
Unknown command.
Unknown command.
Are you sure you want to abandon this character and quit the game? (Confirm with "yes".)

* ###.#....... , ,
###########...###.....
,............###...#.#.
,,
#####...######..###.#.
########.# #...## #.#.
, #......#.# ##.#.##
#.#. , , , #...#
#.....###.#.
#.#####...#..##... ,, ,
#@.......#.#.).... * ,
#gg......#...#..... ,
#...#######.####### ,
....#~~#.......#~~# ,
.....#~#.........#~# ,
......##...........## ,
...##..#.............#
* #.#.
..##.............#
#.............#


You could see a gnoll and a hobgoblin.

Vanquished Creatures
  An endoplasm (D:1)
  2 jackals (D:1)
  A ball python (D:1)
  A kobold (D:1)
5 creatures vanquished.

Notes
Turn   | Place    | Note
-------+----------+-------------------------------------------
     0 | D:1      | sentinel the Meteoran Earth Elementalist began the quest
                  | for the Orb.
     0 | D:1      | Reached XP level 1. HP: 14/14 MP: 5/5
    77 | D:1      | Reached skill level 4 in Earth Magic
    77 | D:1      | Reached XP level 2. HP: 20/20 MP: 1/6
    83 | D:1      | Quit the game

Illustrated notes

Levels and vault maps discovered:
D:1:      psy_arrival_dodecagon, layout_rooms

Skill      XL: |  1 |
---------------+----+-----
Earth Magic    | 4 |  4.1
Dodging        | |  2.4
Stealth        | |  1.4
Spellcasting   | |  2.6
Transmutations | |  1.2

Action                   || total
-------------------------++-------
Melee: Unarmed           ||     4
 Cast: Sandblast         ||     9
Armor: Robe              ||     3
Dodge: Dodged            ||     4
